 Dungeon Crawl Stone Soup version 0.28.0-45-g0d030f2227 (webtiles) character file.

Game seed: 6338998403685901320

1999 Kniotic the Jinx (level 8, -1/57 HPs)
             Began as a Demigod Conjurer on Apr 6, 2022.
             Killed by an exploding fulminant prism (23 damage)
             ... on level 7 of the Dungeon.
             The game lasted 00:26:27 (8917 turns).

Kniotic the Jinx (Demigod Conjurer)                 Turns: 8917, Time: 00:26:28

Health: -1/57      AC:  5    Str:  8    XL:     8   Next: 71%
Magic:  1/16       EV: 12    Int: 31    God:
Gold:   375        SH:  0    Dex: 12    Spells: 5/14 levels left

rFire   . . .      SeeInvis .   r - +2 flail (protect)
rCold   . . .      Faith    .   (no shield)
rNeg    . . .      Spirit   .   a - +0 robe
rPois   .          Reflect  .   v - +1 hat
rElec   .          Harm     .   n - +1 cloak
rCorr   .          Rampage  .   (no gloves)
Will    .....                   (no boots)
Stlth   ++........              (no amulet)
HPRegen 0.19/turn               u - ring "Umyffuomm" {Fly Int+3 Slay+2}
MPRegen 0.15/turn               (no ring)

@: flying
A: high MP 1, forlorn, divine attributes
a: no special abilities


You were on level 7 of the Dungeon.
You visited 1 branch of the dungeon, and saw 7 of its levels.

You collected 375 gold pieces.

Inventory:

Hand Weapons
 j - a +0 trident of venom
 o - a +2 falchion of draining
 r - a +2 flail of protection (weapon)
Missiles
 s - a curare-tipped dart
 t - 14 poisoned darts
Armour
 a - a +0 robe (worn)
 n - a +1 cloak (worn)
 v - a +1 hat (worn)
Jewellery
 e - a ring of resist corrosion
 u - the ring "Umyffuomm" (left hand) {Fly Int+3 Slay+2}
   (You took it off an orc on level 4 of the Dungeon)

   [ring of flight]

   Int:       It affects your intelligence (+3).
   Slay:      It affects your accuracy & damage with ranged weapons and melee
   (+2).
   Fly:       It grants you flight.
Wands
 p - a wand of flame (38)
 q - a wand of iceblast (15)
Scrolls
 b - 2 scrolls of teleportation
 c - 5 scrolls of identify
 f - 4 scrolls of enchant weapon
 i - a scroll of magic mapping
 m - a scroll of immolation {unknown}
Potions
 d - 3 potions of curing {unknown}
 g - a potion of cancellation {unknown}
 h - a potion of haste {unknown}
 k - a potion of flight {unknown}
 l - 2 potions of ambrosia {unknown}
 w - a potion of heal wounds


   Skills:
 - Level 1.7 Dodging
 - Level 1.7 Stealth
 + Level 3.5 Spellcasting
 - Level 6.0 Conjurations
 + Level 9.0 Hexes


You had 5 spell levels left.
You knew the following spells:

 Your Spells              Type           Power      Damage    Failure   Level
a - Magic Dart            Conj           100%       1d8       1%          1
b - Fulminant Prism       Conj/Hex       25%        3d14      3%          4
c - Cause Fear            Hex            28%        N/A       1%          4

Your spell library contained the following spells:

 Spells                   Type           Power      Damage    Failure   Level
 Searing Ray              Conj           84%        2d7       1%          2
 Dazzling Flash           Conj/Hex       100%       N/A       1%          3
 Gell's Gravitas          Tloc           5%         N/A       19%         3
 Lesser Beckoning         Tloc           5%         N/A       19%         3
 Teleport Other           Tloc           5%         N/A       19%         3
 Iskenderun's Mystic Bla  Conj/Tloc      24%        2d7       19%         4
 Conjure Ball Lightning   Conj/Air       12%        3x3d6     96%         6
 Dragon Form              Tmut           2%         N/A       100%        7
 Discord                  Hex            28%        N/A       100%        8
 Disjunction              Tloc           2%         N/A       100%        8
 Dragon's Call            Summ           2%         N/A       100%        9


Dungeon Overview and Level Annotations

Branches:
Dungeon (7/15)             Temple (0/1) D:6

Annotations:
D:3 Sigmund


Innate Abilities, Weirdness & Mutations

You have an increased reservoir of magic. (+10% MP)
You shall have no god before yourself.
Your divine heritage dramatically boosts your attributes as you level up.


Message History

Your fulminant prism explodes!
The blast of energy engulfs Maggie.
Maggie is moderately wounded.
You hear a shout! x2
Casting: Fulminant Prism (dangerous; 3% risk of failure)
Confirm with . or Enter, or press ? or * to list all spells.
Aiming: Fulminant Prism (dangerous; 3% risk of failure)
Press: ? - help, Dir - move target You conjure a prism of explosive energy!
A fulminant prism comes into view.
Your fulminant prism crackles loudly.
Your fulminant prism explodes!
The blast of energy engulfs the ogre!
The ogre is heavily wounded.
The blast of energy engulfs Maggie!
Maggie is severely wounded.
You hear a shout!
Casting: Fulminant Prism (dangerous; 3% risk of failure)
Confirm with . or Enter, or press ? or * to list all spells.
Aiming: Fulminant Prism (dangerous; 3% risk of failure)
Press: ? - help, Dir - move target You conjure a prism of explosive energy!
A fulminant prism comes into view.
Maggie casts a spell.
Maggie draws you further into her thrall.
You cannot move away from Maggie!
Maggie hits you from afar with a +0 glaive of flaming!
Maggie burns you.
Your fulminant prism crackles loudly.
You cannot move away from Maggie!
Maggie casts a spell at you. The bolt of fire hits you!
Your fulminant prism explodes!
The blast of energy engulfs Maggie!!
You break out of your daze!
You kill Maggie!
The blast of energy engulfs the ogre!!
You kill the ogre!
The blast of energy engulfs you!!
You die...

###........
##..........
#...........
##..........
#.......... .
#####.......... ..
###......####....
...########......###
#....
.........)@....###
#....
........)....###
#....
##......#######W
#....
#.....###......}
#.... #...###..##
#.... #...#
#.....### #.... ..#
#..#####..### #....
# ... ##...### #.###
# #.##...# # #.#


There were no monsters in sight!

Vanquished Creatures
  Maggie (D:7)
  3 yaks (D:5)
  A water moccasin (D:5)
  2 sky beasts (D:5)
  A black bear (D:5)
  2 ogres
  2 phantoms
  A kobold brigand (D:4)
  A bullfrog (D:6)
  5 wights (D:6)
  2 hounds
  2 jellies
  An orc priest (D:4)
  A centaur skeleton (D:6)
  Jessica (D:2)
  3 iguanas
  2 orc wizards
  A scorpion zombie (D:5)
  A killer bee zombie (D:5)
  7 adders
  3 river rats (D:5)
  An ufetubus (D:6)
  2 adder skeletons
  2 worms (D:3)
  2 dart slugs
  19 orcs
  7 ball pythons
  10 endoplasms
  5 giant cockroaches
  9 goblins
  8 hobgoblins
  5 jackals
  9 kobolds
  6 quokkas
  2 bats (D:1)
  2 frilled lizards
  10 rats
142 creatures vanquished.

Vanquished Creatures (others)
  20 fulminant prisms
20 creatures vanquished.

Grand Total: 162 creatures vanquished

Notes
Turn   | Place    | Note
-------+----------+-------------------------------------------
     0 | D:1      | Kniotic the Demigod Conjurer began the quest for the Orb.
     0 | D:1      | Reached XP level 1. HP: 14/14 MP: 5/5
   285 | D:1      | Reached XP level 2. HP: 20/20 MP: 2/7
  1284 | D:1      | Reached XP level 3. HP: 26/26 MP: 5/8
  1664 | D:2      | Reached skill level 5 in Conjurations
  1967 | D:2      | Noticed Jessica
  1970 | D:2      | Killed Jessica
  1971 | D:2      | Reached XP level 4. HP: 33/33 MP: 5/9
  2559 | D:3      | Learned a level 4 spell: Fulminant Prism
  2963 | D:3      | Identified the +5 scale mail "Dudwaod" {rElec rC++ Int-2
                  | SInv}
  3014 | D:3      | Noticed Sigmund
  3342 | D:4      | Reached skill level 1 in Hexes
  3457 | D:4      | Reached XP level 5. HP: 22/38 MP: 3/10
  3706 | D:4      | Reached skill level 2 in Hexes
  3856 | D:4      | Reached skill level 3 in Hexes
  3856 | D:4      | Reached XP level 6. HP: 25/45 MP: 1/11
  4462 | D:4      | Identified the ring "Umyffuomm" {Fly Int+3 Slay+2}
  4559 | D:4      | Reached skill level 4 in Hexes
  5189 | D:5      | Entered Level 5 of the Dungeon
  5329 | D:5      | You are sucked into a shaft and drop 2 floors!
  5378 | D:7      | Noticed a wraith
  5877 | D:5      | Reached skill level 5 in Hexes
  5893 | D:5      | Noticed a yak
  5915 | D:5      | Noticed a yak
  5958 | D:5      | Reached XP level 7. HP: 34/50 MP: 2/12
  5979 | D:5      | Killed a yak
  5980 | D:5      | Reached skill level 6 in Hexes
  5987 | D:5      | Noticed a yak
  7004 | D:5      | Killed a yak
  7005 | D:5      | Reached skill level 7 in Hexes
  7045 | D:5      | Killed a yak
  7046 | D:5      | Reached XP level 8. HP: 54/57 MP: 4/13
  7124 | D:5      | Reached skill level 8 in Hexes
  7494 | D:6      | Found a staircase to the Ecumenical Temple.
  7501 | D:6      | Learned a level 4 spell: Cause Fear
  8353 | D:6      | Reached skill level 9 in Hexes
  8876 | D:7      | Noticed Maggie
  8917 | D:7      | Killed Maggie
  8917 | D:7      | Killed by an exploding fulminant prism

Illustrated notes

Levels and vault maps discovered:
D:1:      dpeg_arrival_tiny_d, layout_loops_corners
D:2:      layout_loops_ring, uniq_jessica
D:3:      layout_basic, mainiacjoe_overflow_alcove_1,
          dreamdust_ecumenical_altar_grove, minivault_4, serial_bayou_pond_e,
          uniq_sigmund
D:4:      minmay_recursive_quarters, layout_loops_ring, old_standard_altar,
          mainiacjoe_overflow_small_starburst, minmay_misc_feat_four_crosses
D:5:      layout_cave_pods, lemuel_crystal_altar, gup_sewer_entry_spiral,
          serial_park, serial_park_square1 [serial_park_minivault_5x5_8],
          serial_park_avenue1, serial_park_square2, serial_park_tiny_pond
D:6:      layout_basic, general_overflow_altar,
          mainiacjoe_overflow_concentric_impassable,
          minmay_temple_entry_mini_moons, kennysheep_generic_room_3
D:7:      minmay_the_grid_triangle_9x9_rhombus_thin
          [minmay_the_grid_triangle_9x9_swiss_cheese,
          minmay_the_grid_triangle_9x9_prize_center,
          minmay_the_grid_triangle_9x9_corrupted_corridor,
          minmay_the_grid_triangle_9x9_wacky_v], layout_cave_pods,
          cheibriados_altar_1, item_on_display_a, uniq_menkaure, uniq_maggie,
          uniq_crazy_yiuf_cottage

Skill      XL: |  1  2  3  4  5  6  7  8 |
---------------+-------------------------+-----
Conjurations   | 4 5 6 |  6.0
Hexes          | 1 3 5 7 9 |  9.0
Spellcasting   | 3 |  3.5
Dodging        | |  1.7
Stealth        | |  1.7

Action                   |  1- 3 |  4- 6 |  7- 9 || total
-------------------------+-------+-------+-------++-------
Melee: Falchion          |       |     3 |       ||     3
       Flail             |       |     4 |     1 ||     5
       Trident           |       |       |     3 ||     3
 Cast: Magic Dart        |    90 |   168 |   121 ||   379
       Fulminant Prism   |       |     3 |    17 ||    20
  Use: Potion            |       |     3 |       ||     3
       Scroll            |       |     7 |     1 ||     8
Armor: Robe              |     2 |    12 |     7 ||    21
Dodge: Dodged            |     5 |    41 |    23 ||    69
